 Dungeon Crawl Stone Soup version 0.29.0-4-gdea44cf6ec (webtiles) character file.

Game seed: 16109308745060727011

11991 qw the Severer (level 11, -7/106 HPs)
             Began as a Minotaur Berserker on Sept 9, 2022.
             Was an Elder of Trog.
             Mangled by an eight-headed hydra (8 damage)
             ... on level 1 of the Lair of Beasts.
             The game lasted 00:03:39 (12258 turns).

qw the Severer (Minotaur Berserker)                Turns: 12258, Time: 00:03:39

Health: -7/106     AC: 19    Str: 27    XL:     11   Next: 56%
Magic:  10/10      EV:  8    Int:  4    God:    Trog [****..]
Gold:   47         SH:  5    Dex: 11    Spells: 10/10 levels left

rFire   + . .      SeeInvis .   Y - +1 broad axe
rCold   . . .      Faith    .   h - +0 buckler
rNeg    . . .      Spirit   .   f - +1 plate armour
rPois   .          Reflect  .   (helmet restricted)
rElec   .          Harm     .   k - +0 cloak of the Ditch-Digger {-Cast rF+ Str+2}
rCorr   .          Rampage  .   s - +0 pair of gloves
Will    .....      NoCast   +   r - +0 pair of boots
Stlth   ..........              i - amulet of the acrobat
HPRegen 0.27/turn               (no ring)
MPRegen 0.12/turn               (no ring)

@: about to teleport, on berserk cooldown, slowed, very slow
A: horns 2, retaliatory headbutt, robust 1
a: Renounce Religion, Berserk, Trog's Hand, Brothers in Arms


You were on level 1 of the Lair of Beasts.
You worshipped Trog.
Trog was greatly pleased with you.
You visited 2 branches of the dungeon, and saw 10 of its levels.

You collected 581 gold pieces.
You spent 534 gold pieces at shops.


Innate Abilities, Weirdness & Mutations

You have a pair of horns on your head.
You reflexively headbutt those who attack you in melee.
You are robust. (+10% HP)


   Skills:
 + Level 9.1 Fighting
 - Level 17.0 Axes
 - Level 1.2 Throwing
 - Level 9.0 Armour
 - Level 4.1 Dodging
 - Level 6.1 Shields


You had 10 spell levels left.
You didn't know any spells.
Your spell library was empty.

Inventory:

Hand Weapons
 e - a +0 war axe of flaming
 Y - a +1 broad axe (weapon)
Armour
 f - a +1 plate armour (worn)
 h - a +0 buckler (worn)
 k - the +0 cloak of the Ditch-Digger (worn) {-Cast rF+ Str+2}
   (You acquired it on level 8 of the Dungeon)

   Str:       It affects your strength (+2).
   rF:        It protects you from fire.
   -Cast:     It prevents spellcasting.
 r - a +0 pair of boots (worn)
 s - a +0 pair of gloves (worn)
Jewellery
 b - an amulet of regeneration
 i - an amulet of the acrobat (around neck)
Scrolls
 a - a scroll of brand weapon {unknown}
 c - 4 scrolls of teleportation
 j - 2 scrolls of identify
 o - a scroll of summoning {unknown}
Potions
 d - 3 potions of resistance
 g - a potion of cancellation
 l - 2 potions of mutation
 m - 5 potions of curing
 n - 2 potions of heal wounds
 q - 2 potions of haste

Dungeon Overview and Level Annotations

Branches:
Dungeon (9/15)             Temple (0/1) D:6            Lair (1/5) D:9
    Orc: D:9-12

Altars:
Ashenzari
Cheibriados
Elyvilon
Makhleb
Nemelex Xobeh
Okawaru
Ru
Trog
Xom

Shops:
D:2 *   D:6 (   D:9 [**

Annotations:
D:2 1 runed translucent door, Crazy Yiuf
D:5 3 runed translucent doors, qw's ghost, novice MiFi


Message History

The eight-headed hydra closely misses you.
The eight-headed hydra bites you but does no damage. x3
The eight-headed hydra completely misses you.
The eight-headed hydra bites you.
The eight-headed hydra bites you but does no damage. x2
You block the eight-headed hydra's attack. x2
The eight-headed hydra bites you but does no damage.
The eight-headed hydra barely misses you.
The eight-headed hydra closely misses you.
12256 ||| INVOKING Brothers in Arms.
You fail to use your ability.
The eight-headed hydra barely misses you.
You block the eight-headed hydra's attack.
The eight-headed hydra bites you. x2
The eight-headed hydra bites you but does no damage.
The eight-headed hydra barely misses you.
The eight-headed hydra bites you!
The eight-headed hydra bites you but does no damage.
12257 ||| INVOKING Brothers in Arms.
You fail to use your ability.
The eight-headed hydra bites you but does no damage.
You block the eight-headed hydra's attack.
The eight-headed hydra bites you.
The eight-headed hydra bites you but does no damage. x3
The eight-headed hydra bites you.
The eight-headed hydra bites you but does no damage.
The eight-headed hydra bites you.
The eight-headed hydra closely misses you.
The eight-headed hydra misses you. The eight-headed hydra bites you!
The eight-headed hydra barely misses you.
The eight-headed hydra bites you.
You block the eight-headed hydra's attack.
The eight-headed hydra bites you but does no damage.
12258 ||| READING 5 scrolls of teleportation.
As you read the scroll of teleportation, it crumbles to dust.
You feel strangely unstable.
The cane toad stings you but does no damage.
You block the cane toad's attack. The eight-headed hydra bites you.
The eight-headed hydra closely misses you.
The eight-headed hydra bites you but does no damage.
The eight-headed hydra bites you. The eight-headed hydra bites you!
You die...

..#.... #....
..8..#.....#..8..###....
..................##....
#.......8.......#.......
...............#%%.....
#..8..8..8..##.<......
#..........##.........
#.FD8.......####....
#..@....#.#.## #.###
.#####.#####...#####..
###.......##...## ##.#...##..
#...............####..../....
##.........#8.>.8#............
###.......F.#...................
#...........###.8.##....###.##..
##...........#
########...#####..
.......%.....## #...##..## ##...


You could see an eight-headed hydra and a cane toad.

Vanquished Creatures
  Gastronok (D:8)
  Harold (D:9)
  An ugly thing (D:8)
  Joseph (D:8)
  A black mamba (Lair:1)
  A cane toad (Lair:1)
  A rime drake (Lair:1)
  Psyche (D:8)
  3 kobold demonologists (D:8)
  Maggie (D:7)
  2 komodo dragons (Lair:1)
  A troll (D:9)
  A polar bear (Lair:1)
  7 blink frogs (Lair:1)
  5 yaks (D:9)
  A wyvern (D:8)
  3 wargs (D:9)
  4 water moccasins
  A sky beast (D:5)
  2 orc warriors
  3 ice beasts
  2 black bears
  An ogre (D:5)
  2 centaurs (D:9)
  2 phantoms
  2 kobold brigands
  A necrophage (D:5)
  3 scorpions
  6 bullfrogs
  6 wights
  7 killer bees (D:9)
  4 hounds
  5 orc priests
  3 jellies
  Jessica (D:2)
  5 iguanas
  15 orc wizards
  A mummy (D:8)
  4 gnolls (D:5)
  6 adders
  2 shadow imps
  3 white imps
  An ufetubus (D:5)
  2 worms
  23 orcs
  3 ball pythons
  A bat (D:1)
  4 endoplasms
  6 giant cockroaches
  9 hobgoblins
  3 jackals (D:1)
  6 quokkas
  4 frilled lizards (D:1)
  3 goblins
  17 kobolds
  4 rats
209 creatures vanquished.

Vanquished Creatures (others)
  7 fungi
  26 plants (D:5)
33 creatures vanquished.

Grand Total: 242 creatures vanquished

Notes
Turn   | Place    | Note
-------+----------+-------------------------------------------
     0 | D:1      | qw the Minotaur Berserker began the quest for the Orb.
     0 | D:1      | Reached XP level 1. HP: 19/19 MP: 0/0
     0 | D:1      | 0 ||| qw: Version: 0.1-a-113-g051387a
     0 | D:1      | 0 ||| qw: Game counter: 7030
     0 | D:1      | 0 ||| qw: Always use a shield: true
     0 | D:1      | 0 ||| qw: Do Orc after D:15 true
     0 | D:1      | 0 ||| qw: Do second Lair branch before Depths: true
     0 | D:1      | 0 ||| qw: Lair rune preference: random
     0 | D:1      | 0 ||| qw: Plans: Normal
     0 | D:1      | 0 ||| PLANNING D:1-11
    43 | D:1      | 43 ||| Stepping ~*~*~tactically~*~*~ (stealth).
    54 | D:1      | Reached skill level 4 in Axes
    57 | D:1      | 57 ||| Stepping ~*~*~tactically~*~*~ (stealth).
   117 | D:1      | 117 ||| DROPPING +0 club.
   206 | D:1      | Reached XP level 2. HP: 26/26 MP: 1/1
   304 | D:1      | 304 ||| Stepping ~*~*~tactically~*~*~ (stealth).
   305 | D:1      | 305 ||| Stepping ~*~*~tactically~*~*~ (stealth).
   637 | D:1      | Found a faded altar of an unknown god.
   699 | D:1      | Reached skill level 5 in Axes
   701 | D:1      | Reached ** piety under Trog
   818 | D:1      | 818 ||| Stepping ~*~*~tactically~*~*~ (stealth).
  1019 | D:1      | Reached XP level 3. HP: 31/31 MP: 2/2
  1042 | D:1      | 1042 ||| UPGRADING to +0 scale mail.
  1052 | D:1      | 1052 ||| DROPPING +0 animal skin.
  1053 | D:1      | 1053 ||| UPGRADING to +2 scale mail of willpower.
  1063 | D:1      | 1063 ||| DROPPING +0 scale mail.
  1064 | D:1      | 1064 ||| READING scroll labelled QIENTU NEBRYWN.
  1065 | D:1      | 1065 ||| READING scroll labelled DUBAFF ONWOI.
  1066 | D:1      | 1066 ||| READING scroll labelled ITOMPY BIPSI.
  1069 | D:1      | 1069 ||| READING scroll labelled QATSYCS OLOTTI.
  1070 | D:1      | 1070 ||| READING scroll labelled BOLEQO INLUTAR.
  1071 | D:1      | 1071 ||| DRINKING 2 coppery potions.
  1072 | D:1      | 1072 ||| DRINKING 3 orange potions.
  1073 | D:1      | 1073 ||| DROPPING potion of flight.
  1150 | D:2      | 1150 ||| FLEEEEING.
  1311 | D:2      | 1311 ||| Stepping ~*~*~tactically~*~*~ (stealth).
  1322 | D:2      | Noticed Jessica
  1323 | D:2      | 1323 ||| Stepping ~*~*~tactically~*~*~ (hiding).
  1330 | D:2      | Killed Jessica
  1331 | D:2      | Reached skill level 6 in Axes
  1331 | D:2      | Reached XP level 4. HP: 34/39 MP: 3/3
  1453 | D:2      | Found Gyecs's Assorted Antiques.
  1460 | D:2      | 1460 ||| SHOPLISTING bloodstained acid dragon scales (1080
                  | gold, have 89).
  1460 | D:2      | 1460 ||| BUYING metallic blue potion (21 gold).
  1460 | D:2      | Bought a metallic blue potion for 21 gold pieces
  1460 | D:2      | 1460 ||| BUYING scroll labelled KOHIENEPEM (24 gold).
  1460 | D:2      | Bought a scroll labelled KOHIENEPEM for 24 gold pieces
  1460 | D:2      | 1460 ||| BUYING silvery potion (21 gold).
  1460 | D:2      | Bought a silvery potion for 21 gold pieces
  1610 | D:2      | 1610 ||| Stepping ~*~*~tactically~*~*~ (stealth).
  1684 | D:2      | Found a runed translucent door.
  1685 | D:2      | Noticed Crazy Yiuf
  2083 | D:2      | 2083 ||| UPGRADING to +0 buckler.
  2088 | D:2      | 2088 ||| UPGRADING to amulet of the acrobat.
  2093 | D:2      | 2093 ||| READING scroll labelled VOITUA LOTS.
  2094 | D:2      | 2094 ||| READING scroll labelled IRGHICS LEPROREA.
  2095 | D:2      | 2095 ||| READING scroll labelled KOHIENEPEM.
  2096 | D:2      | 2096 ||| READING scroll labelled KEVINK ANKEN.
  2097 | D:2      | 2097 ||| DRINKING 2 lumpy amethyst potions.
  2098 | D:2      | 2098 ||| DRINKING 4 silvery potions.
  2147 | D:2      | 2147 ||| DRINKING 2 emerald potions.
  2148 | D:2      | 2148 ||| DROPPING potion of degeneration.
  2149 | D:2      | 2149 ||| DROPPING 3 potions of lignification.
  2196 | D:3      | Found a burning altar of Makhleb.
  2219 | D:3      | Found a bloodstained altar of Trog.
  2365 | D:3      | Reached skill level 1 in Shields
  2669 | D:3      | 2669 ||| DROPPING +0 chain mail.
  2670 | D:3      | 2670 ||| UPGRADING to +0 plate armour.
  2680 | D:3      | 2680 ||| DROPPING +2 scale mail of willpower.
  2681 | D:3      | 2681 ||| READING scroll labelled XOEZ AKEARIC.
  2682 | D:3      | 2682 ||| READING 2 scrolls of teleportation.
  2721 | D:4      | 2721 ||| STAIRDANCE
  2863 | D:4      | 2863 ||| Stepping ~*~*~tactically~*~*~ (hiding).
  2867 | D:4      | 2867 ||| INVOKING Berserk.
  2870 | D:4      | Reached XP level 5. HP: 45/45 MP: 4/4
  2991 | D:4      | 2991 ||| DROPPING +0 whip.
  3010 | D:4      | 3010 ||| READING scroll of enchant weapon.
  3010 | D:4      | 3010 ||| ENCHANTING +1 hand axe.
  3031 | D:4      | 3031 ||| INVOKING Berserk.
  3038 | D:4      | Reached skill level 7 in Axes
  3132 | D:4      | Noticed a black bear
  3133 | D:4      | 3133 ||| INVOKING Berserk.
  3140 | D:4      | Killed a black bear
  3141 | D:4      | Reached XP level 6. HP: 51/51 MP: 5/5
  3205 | D:4      | Found a shimmering altar of Xom.
  3587 | D:4      | 3587 ||| READING scroll labelled DYIHIYDYDYLI.
  3588 | D:4      | 3588 ||| READING scroll labelled ZEM WYKLIMME.
  3609 | D:5      | Entered Level 5 of the Dungeon
  3660 | D:5      | 3660 ||| INVOKING Berserk.
  3777 | D:5      | 3777 ||| Stepping ~*~*~tactically~*~*~ (hiding).
  3778 | D:5      | 3778 ||| Stepping ~*~*~tactically~*~*~ (hiding).
  3779 | D:5      | 3779 ||| INVOKING Berserk.
  3794 | D:5      | 3794 ||| DRINKING 2 potions of curing.
  3794 | D:5      | 3794 ||| (to cure confusion)
  3871 | D:5      | 3871 ||| Stepping ~*~*~tactically~*~*~ (stealth).
  3886 | D:5      | Reached skill level 8 in Axes
  3993 | D:5      | Reached XP level 7. HP: 58/59 MP: 6/6
  4029 | D:5      | 4029 ||| SWAPPING to +0 war axe.
  4036 | D:5      | 4036 ||| DROPPING +2 hand axe.
  4130 | D:5      | 4130 ||| Stepping ~*~*~tactically~*~*~ (hiding).
  4145 | D:5      | Reached skill level 9 in Axes
  4146 | D:5      | 4146 ||| FLEEEEING.
  4153 | D:5      | 4153 ||| INVOKING Berserk.
  4155 | D:5      | Reached skill level 3 in Shields
  4383 | D:5      | 4383 ||| Stepping ~*~*~tactically~*~*~ (hiding).
  4391 | D:5      | 4391 ||| DRINKING 2 potions of curing.
  4391 | D:5      | 4391 ||| (to cure confusion)
  4450 | D:5      | Found a runed translucent gate.
  4451 | D:5      | Found a runed translucent gate.
  4452 | D:5      | Found a runed translucent gate.
  4454 | D:5      | Noticed qw's ghost (novice MiFi)
  4535 | D:5      | 4535 ||| Stepping ~*~*~tactically~*~*~ (stealth).
  4539 | D:5      | 4539 ||| INVOKING Berserk.
  4728 | D:5      | Reached *** piety under Trog
  4729 | D:5      | Reached skill level 10 in Axes
  4729 | D:5      | Reached XP level 8. HP: 43/69 MP: 7/7
  4777 | D:5      | 4777 ||| Stepping ~*~*~tactically~*~*~ (stealth).
  4792 | D:5      | 4792 ||| Stepping ~*~*~tactically~*~*~ (stealth).
  4798 | D:5      | 4798 ||| Stepping ~*~*~tactically~*~*~ (stealth).
  5181 | D:5      | 5181 ||| READING scroll labelled VORPHE ECZUDOW.
  5334 | D:5      | 5334 ||| DRINKING 2 lumpy inky potions.
  5334 | D:5      | Gained mutation: You are partially covered in iridescent
                  | scales. (AC +2) [potion of mutation]
  5334 | D:5      | Gained mutation: Armour fits poorly on your strangely
                  | shaped body. [potion of mutation]
  5335 | D:5      | 5335 ||| DRINKING potion of mutation.
  5335 | D:5      | Lost mutation: Armour fits poorly on your strangely shaped
                  | body. [potion of mutation]
  5335 | D:5      | Lost mutation: You are partially covered in iridescent
                  | scales. (AC +2) [potion of mutation]
  5335 | D:5      | Gained mutation: You are robust. (+10% HP) [potion of
                  | mutation]
  5335 | D:5      | Gained mutation: You do not regenerate when monsters are
                  | visible. [potion of mutation]
  5335 | D:5      | Lost mutation: You do not regenerate when monsters are
                  | visible. [potion of mutation]
  5362 | D:5      | 5362 ||| READING 2 scrolls of identify.
  5362 | D:5      | 5362 ||| IDENTIFYING fuming cyan potion
  5363 | D:5      | 5363 ||| DROPPING potion of attraction.
  5396 | D:6      | 5396 ||| STAIRDANCE
  5506 | D:6      | 5506 ||| Stepping ~*~*~tactically~*~*~ (stealth).
  5507 | D:6      | 5507 ||| INVOKING Berserk.
  5510 | D:6      | Reached skill level 6 in Fighting
  5847 | D:6      | 5847 ||| INVOKING Berserk.
  5874 | D:6      | 5874 ||| Stepping ~*~*~tactically~*~*~ (stealth).
  5983 | D:6      | 5983 ||| Stepping ~*~*~tactically~*~*~ (stealth).
  5987 | D:6      | 5987 ||| INVOKING Berserk.
  5990 | D:6      | Reached skill level 11 in Axes
  6110 | D:6      | 6110 ||| Stepping ~*~*~tactically~*~*~ (stealth).
  6343 | D:6      | Found Olyimele's Weapon Boutique.
  6353 | D:6      | 6353 ||| INVOKING Berserk.
  6365 | D:6      | 6365 ||| BUYING +0 broad axe (52 gold).
  6365 | D:6      | Bought a +0 broad axe for 52 gold pieces
  6365 | D:6      | 6365 ||| SWAPPING to +0 broad axe.
  6466 | D:6      | 6466 ||| DROPPING +0 war axe.
  6638 | D:6      | Found a staircase to the Ecumenical Temple.
  6823 | D:6      | 6823 ||| DRINKING 2 sedimented coppery potions.
  7042 | D:7      | Reached XP level 9. HP: 53/84 MP: 8/8
  7182 | D:7      | 7182 ||| Stepping ~*~*~tactically~*~*~ (stealth).
  7190 | D:7      | 7190 ||| INVOKING Berserk.
  7337 | D:7      | 7337 ||| Stepping ~*~*~tactically~*~*~ (hiding).
  7338 | D:7      | 7338 ||| Stepping ~*~*~tactically~*~*~ (hiding).
  7339 | D:7      | 7339 ||| Stepping ~*~*~tactically~*~*~ (hiding).
  7340 | D:7      | 7340 ||| Stepping ~*~*~tactically~*~*~ (hiding).
  7341 | D:7      | 7341 ||| Stepping ~*~*~tactically~*~*~ (hiding).
  7349 | D:7      | Reached skill level 12 in Axes
  7359 | D:7      | 7359 ||| Stepping ~*~*~tactically~*~*~ (hiding).
  7363 | D:7      | 7363 ||| Stepping ~*~*~tactically~*~*~ (hiding).
  7366 | D:7      | 7366 ||| INVOKING Berserk.
  7648 | D:7      | Noticed Maggie
  7653 | D:7      | Paralysed by Maggie for 4 turns
  7661 | D:7      | Killed Maggie
  8086 | D:8      | 8086 ||| Stepping ~*~*~tactically~*~*~ (stealth).
  8087 | D:8      | 8087 ||| Stepping ~*~*~tactically~*~*~ (stealth).
  8088 | D:8      | 8088 ||| Stepping ~*~*~tactically~*~*~ (hiding).
  8090 | D:8      | 8090 ||| INVOKING Berserk.
  8157 | D:8      | 8157 ||| FLEEEEING.
  8158 | D:8      | 8158 ||| FLEEEEING.
  8159 | D:8      | 8159 ||| FLEEEEING.
  8160 | D:8      | 8160 ||| STAIRDANCE
  8259 | D:8      | 8259 ||| STAIRDANCE
  8449 | D:8      | 8449 ||| READING scroll of enchant armour.
  8449 | D:8      | 8449 ||| ENCHANTING +0 plate armour.
  8464 | D:8      | Found a sparkling altar of Nemelex Xobeh.
  8465 | D:8      | 8465 ||| Stepping ~*~*~tactically~*~*~ (stealth).
  8468 | D:8      | Reached skill level 1 in Throwing
  8480 | D:8      | Reached skill level 13 in Axes
  8594 | D:8      | Reached skill level 6 in Armour
  8690 | D:8      | Found a broken altar of Ashenzari.
  8690 | D:8      | Found an iron altar of Okawaru.
  8697 | D:8      | Found a snail-covered altar of Cheibriados.
  8751 | D:8      | Noticed a red ugly thing
  8755 | D:8      | 8755 ||| INVOKING Berserk.
  8755 | D:8      | HP: 31/133 [red ugly thing (17)]
  8756 | D:8      | HP: 11/133 [red ugly thing (16)]
  8758 | D:8      | Killed a red ugly thing
  8759 | D:8      | Reached skill level 6 in Shields
  9095 | D:8      | 9095 ||| READING scroll of enchant weapon.
  9095 | D:8      | 9095 ||| ENCHANTING +0 broad axe.
  9126 | D:8      | Noticed Psyche
  9129 | D:8      | 9129 ||| INVOKING Berserk.
  9138 | D:8      | Killed Psyche
  9139 | D:8      | Reached XP level 10. HP: 96/96 MP: 9/9
  9337 | D:8      | Noticed Gastronok
  9339 | D:8      | 9339 ||| INVOKING Berserk.
  9351 | D:8      | Killed Gastronok
  9352 | D:8      | Reached skill level 14 in Axes
  9687 | D:8      | Noticed Joseph
  9688 | D:8      | 9688 ||| Stepping ~*~*~tactically~*~*~ (hiding).
  9696 | D:8      | Killed Joseph
  9891 | D:8      | 9891 ||| UPGRADING to +0 pair of boots.
  9896 | D:8      | 9896 ||| READING scroll labelled DENAOM UR VULL.
  9896 | D:8      | Identified a scroll of acquirement
  9896 | D:8      | 9896 ||| ACQUIRING +0 cloak of the Ditch-Digger {-Cast rF+
                  | Str+2}
  9896 | D:8      | Acquired the +0 cloak of the Ditch-Digger {-Cast rF+ Str+2}
  9898 | D:8      | 9898 ||| UPGRADING to +0 cloak of the Ditch-Digger {-Cast
                  | rF+ Str+2}.
  9903 | D:8      | 9903 ||| DRINKING 2 brown potions.
 10007 | D:8      | 10007 ||| DROPPING potion of berserk rage.
 10028 | D:9      | Noticed Harold
 10028 | D:9      | Found Isuqin's Assorted Antiques.
 10032 | D:9      | 10032 ||| INVOKING Berserk.
 10036 | D:9      | Killed Harold
 10063 | D:9      | 10063 ||| FLEEEEING.
 10064 | D:9      | 10064 ||| FLEEEEING.
 10065 | D:9      | 10065 ||| FLEEEEING.
 10067 | D:9      | 10067 ||| STAIRDANCE
 10170 | D:8      | 10170 ||| DROPPING potion of brilliance.
 10173 | D:9      | 10173 ||| STAIRDANCE
 10189 | D:8      | Reached skill level 15 in Axes
 10229 | D:8      | 10229 ||| READING 2 scrolls of identify.
 10229 | D:8      | 10229 ||| IDENTIFYING bubbling cyan potion
 10245 | D:9      | Found Jid Eseg's Assorted Antiques.
 10255 | D:9      | 10255 ||| BUYING 2 pink potions (54 gold).
 10255 | D:9      | Bought 2 pink potions for 54 gold pieces
 10255 | D:9      | 10255 ||| BUYING potion of curing (90 gold).
 10255 | D:9      | Bought a potion of curing for 90 gold pieces
 10255 | D:9      | 10255 ||| BUYING potion of mutation (240 gold).
 10255 | D:9      | Bought a potion of mutation for 240 gold pieces
 10255 | D:9      | 10255 ||| SHOPLISTING potion of resistance (300 gold, have
                  | 46).
 10255 | D:9      | 10255 ||| SHOPLISTING scroll of identify (60 gold, have
                  | 46).
 10268 | D:9      | 10268 ||| SHOPLISTING morningstar (128 gold, have 46).
 10268 | D:9      | 10268 ||| BUYING scroll labelled ESEYSS OCKAO (32 gold).
 10268 | D:9      | Bought a scroll labelled ESEYSS OCKAO for 32 gold pieces
 10268 | D:9      | 10268 ||| SHOPLISTING scroll of identify (64 gold, have
                  | 14).
 10268 | D:9      | 10268 ||| SHOPLISTING shiny ruby ring (160 gold, have 14).
 10268 | D:9      | 10268 ||| SHOPLISTING twisted steel ring (160 gold, have
                  | 14).
 10304 | D:9      | 10304 ||| INVOKING Berserk.
 10552 | D:9      | 10552 ||| Stepping ~*~*~tactically~*~*~ (hiding).
 10557 | D:9      | 10557 ||| Stepping ~*~*~tactically~*~*~ (hiding).
 10558 | D:9      | 10558 ||| DRINKING 4 potions of curing.
 10558 | D:9      | 10558 ||| (to cure confusion)
 10573 | D:9      | Reached **** piety under Trog
 10712 | D:9      | Found a staircase to the Lair.
 10739 | D:9      | 10739 ||| Stepping ~*~*~tactically~*~*~ (stealth).
 10744 | D:9      | Reached skill level 9 in Fighting
 10746 | D:9      | Reached XP level 11. HP: 106/106 MP: 10/10
 10788 | D:9      | Found a white marble altar of Elyvilon.
 10820 | D:9      | 10820 ||| FLEEEEING.
 10822 | D:9      | 10822 ||| FLEEEEING.
 10826 | D:9      | 10826 ||| FLEEEEING.
 10827 | D:9      | 10827 ||| FLEEEEING.
 10828 | D:9      | 10828 ||| FLEEEEING.
 10829 | D:9      | 10829 ||| FLEEEEING.
 10831 | D:9      | 10831 ||| FLEEEEING.
 10832 | D:9      | 10832 ||| STAIRDANCE
 10999 | D:8      | 10999 ||| UPGRADING to +0 pair of gloves.
 11004 | D:8      | 11004 ||| READING scroll labelled ESEYSS OCKAO.
 11105 | D:8      | 11105 ||| DRINKING 2 pink potions.
 11206 | D:8      | 11206 ||| READING 2 scrolls of identify.
 11206 | D:8      | 11206 ||| IDENTIFYING grey potion
 11207 | D:8      | 11207 ||| DROPPING potion of ambrosia.
 11213 | D:9      | 11213 ||| STAIRDANCE
 11265 | D:9      | 11265 ||| DROPPING +0 flail.
 11268 | D:9      | Found Ikluat's Armour Shop.
 11280 | D:9      | 11280 ||| SHOPLISTING +2 pair of boots (247 gold, have 14).
 11280 | D:9      | 11280 ||| SHOPLISTING +2 pair of gloves (247 gold, have
                  | 14).
 11372 | D:9      | Found a sacrificial altar of Ru.
 11604 | D:9      | 11604 ||| PLANNING LAIR
 11633 | Lair:1   | Entered Level 1 of the Lair of Beasts
 11634 | Lair:1   | 11634 ||| INVOKING Berserk.
 11643 | Lair:1   | Reached skill level 16 in Axes
 11662 | Lair:1   | 11662 ||| Stepping ~*~*~tactically~*~*~ (stealth).
 11664 | Lair:1   | 11664 ||| Stepping ~*~*~tactically~*~*~ (stealth).
 11665 | Lair:1   | 11665 ||| Stepping ~*~*~tactically~*~*~ (stealth).
 11725 | Lair:1   | Reached skill level 9 in Armour
 11760 | Lair:1   | 11760 ||| INVOKING Berserk.
 11838 | Lair:1   | 11838 ||| Stepping ~*~*~tactically~*~*~ (stealth).
 11893 | Lair:1   | 11893 ||| INVOKING Berserk.
 12043 | Lair:1   | 12043 ||| INVOKING Berserk.
 12229 | Lair:1   | 12229 ||| INVOKING Berserk.
 12237 | Lair:1   | Reached skill level 17 in Axes
 12244 | Lair:1   | 12244 ||| Stepping ~*~*~tactically~*~*~ (stealth).
 12249 | Lair:1   | 12249 ||| Stepping ~*~*~tactically~*~*~ (stealth).
 12249 | Lair:1   | Noticed an eight-headed hydra
 12250 | Lair:1   | 12250 ||| Stepping ~*~*~tactically~*~*~ (stealth).
 12251 | Lair:1   | 12251 ||| INVOKING Brothers in Arms.
 12252 | Lair:1   | 12252 ||| INVOKING Brothers in Arms.
 12253 | Lair:1   | 12253 ||| INVOKING Brothers in Arms.
 12254 | Lair:1   | 12254 ||| INVOKING Brothers in Arms.
 12255 | Lair:1   | 12255 ||| INVOKING Brothers in Arms.
 12256 | Lair:1   | 12256 ||| INVOKING Brothers in Arms.
 12257 | Lair:1   | 12257 ||| INVOKING Brothers in Arms.
 12257 | Lair:1   | HP: 23/106 [eight-headed hydra (5)]
 12257 | Lair:1   | HP: 10/106 [eight-headed hydra (3)]
 12258 | Lair:1   | 12258 ||| READING 5 scrolls of teleportation.
 12258 | Lair:1   | HP: 1/106 [eight-headed hydra (5)]
 12258 | Lair:1   | Mangled by an eight-headed hydra

Levels and vault maps discovered:
D:1:      lightli_arrival_boilingwater, layout_loops_ring,
          shapermc_ecumenical_altar_totnotflames, minmay_split_cup_small
D:2:      layout_loops_cross, serial_shops, shop, uniq_crazy_yiuf_cottage,
          uniq_jessica
D:3:      layout_basic, overflow_temple_1_default,
          mainiacjoe_overflow_six_doors_small
D:4:      layout_loops_ring, kennysheep_mini
D:5:      layout_basic, serial_bayou, serial_bayou_lagoon_b,
          serial_bayou_pond_a, serial_bayou_ford_a, serial_bayou_crossing,
          serial_bayou_shore_a, serial_bayou_pond_b,
          gammafunk_ghost_nasty_kobolds, kennysheep_potato
D:6:      minmay_angry_zag, layout_cave_pods, minmay_temple_entry_fiery,
          serial_shops, shop
D:7:      layout_rooms, grunt_decor_clamped, chequers_garden, uniq_maggie
D:8:      layout_loops_corners, chequers_temple_overflow_statue_of_worship,
          mainiacjoe_overflow_paths, slow_altar_1, uniq_gastronok, uniq_psyche,
          uniq_joseph
D:9:      layout_cave_pools, mainiacjoe_overflow_brackets,
          nicolae_elyvilon_peaceful_grove, erik_lair_orcish_takeover,
          serial_shops, shop, shop, shop, kennysheep_generic_room_6, uniq_harold
Lair:1:   layout_gridlike, grunt_megastairs_3, serial_bayou_shore_b

Skill      XL: |  1  2  3  4  5  6  7  8  9 10 11 |
---------------+----------------------------------+-----
Axes           | 4 5 6 7 8 10 11 13 15 17 | 17.0
Shields        | 2 3 4 6 |  6.1
Armour         | 4 5 6 8 9 |  9.0
Fighting       | 4 5 6 8 9 |  9.1
Throwing       | 1 |  1.2
Dodging        | 4 |  4.1

Action                   |  1- 3 |  4- 6 |  7- 9 | 10-12 || total
-------------------------+-------+-------+-------+-------++-------
Melee: Hand axe          |    83 |   114 |     5 |       ||   202
       Headbutt          |     8 |    13 |    40 |    40 ||   101
       War axe           |       |       |   108 |       ||   108
       Broad axe         |       |       |   116 |   178 ||   294
Throw: Boomerang         |       |       |     7 |    21 ||    28
Invok: Berserk           |       |     5 |    11 |     8 ||    24
  Use: Scroll            |     5 |     9 |     4 |     5 ||    23
       Potion            |     2 |     4 |     4 |     3 ||    13
Armor: Animal skin       |     9 |       |       |       ||     9
       Scale mail        |     9 |    17 |       |       ||    26
       Plate armour      |       |    22 |   103 |   107 ||   232
       Skin              |       |       |     3 |       ||     3
Dodge: Dodged            |    42 |    30 |    53 |    75 ||   200
Block: Buckler           |       |     5 |    34 |    40 ||    79

Table legend:
 A = Non-vault XP
 B = Vault XP
 C = Vault XP percentage of total XP
 D = Non-vault monster count
 E = Vault monster count
 F = Vault count percentage of total count
                 A         B        C        D         E       F
            +---------+---------+-------+---------+---------+-------
      Total |   11690 |    5441 |  31.8 |     179 |      30 |  14.4
            +---------+---------+-------+---------+---------+-------
        D:1 |      36 |       5 |  12.2 |      23 |       3 |  11.5
        D:2 |      48 |      37 |  43.5 |      13 |       1 |   7.1
        D:3 |      27 |       0 |   0.0 |      12 |       0 |   0.0
        D:4 |     249 |       0 |   0.0 |      13 |       0 |   0.0
        D:5 |     920 |     236 |  20.4 |      23 |       3 |  11.5
        D:6 |     599 |     339 |  36.1 |      18 |       5 |  21.7
        D:7 |     953 |     356 |  27.2 |      17 |       1 |   5.6
        D:8 |    2655 |    2380 |  47.3 |      22 |       4 |  15.4
        D:9 |    2171 |    1716 |  44.1 |      24 |      12 |  33.3
     Lair:1 |    4032 |     372 |   8.4 |      14 |       1 |   6.7
            +---------+---------+-------+---------+---------+-------
